 Dungeon Crawl Stone Soup version 0.22-a0-558-gc2241811a9 (webtiles) character file.

530 PikkenKukken the Skirmisher (level 7, -5/55 HPs)
             Began as a Demonspawn Fighter on June 26, 2018.
             Was a Follower of Makhleb.
             Slain by an ogre
             ... wielding a +0 giant club
              (25 damage)
             ... on level 4 of the Dungeon.
             The game lasted 00:05:53 (3239 turns).

PikkenKukken the Skirmisher (Demonspawn Fighter)    Turns: 3239, Time: 00:05:54

Health: -5/55      AC:  7    Str: 18    XL:     7   Next: 3%
Magic:  7/7        EV:  7    Int:  9    God:    Makhleb [*.....]
Gold:   195        SH:  9    Dex: 13    Spells: 6/6 levels left

rFire    . . .     SeeInvis .   a - +0 war axe
rCold    . . .     Gourm    .   c - +0 shield
rNeg     . . .     Faith    .   b - +0 scale mail
rPois    .         Spirit   .   (helmet restricted)
rElec    .         Reflect  .   (no cloak)
rCorr    .         Harm     .   (no gloves)
MR       .....                  (no boots)
Stlth    ..........             (no amulet)
HPRegen  0.18/turn              (no ring)
MPRegen  0.10/turn              (no ring)

@: no status effects
A: horns 1, powered by death 3
a: Renounce Religion


You were on level 4 of the Dungeon.
You worshipped Makhleb.
Makhleb was aware of your devotion.
You were not hungry.

You visited 1 branch of the dungeon, and saw 4 of its levels.

You collected 195 gold pieces.

Inventory:

Hand Weapons
 a - a +0 war axe (weapon)
Missiles
 g - 45 arrows
Armour
 b - a +0 scale mail (worn)
 c - a +0 shield (worn)
Jewellery
 o - the amulet "Anixtibe" {Reflect rC+ MR+ SH+2, unknown}
   (You found it on level 4 of the Dungeon)

   [amulet of reflection]

   It shields you and reflects attacks.
   It protects you from cold.
   It affects your resistance to hostile enchantments.
   It affects your SH (+2).
Scrolls
 i - a scroll of teleportation
 l - a scroll of enchant armour {unknown}
Potions
 d - a potion of might
 e - a potion of flight
 h - a potion of berserk rage
 j - a potion of ambrosia
 k - 3 potions of curing
 n - 2 potions of lignification {unknown}
Comestibles
 f - 6 rations
 m - 4 chunks of flesh


   Skills:
 + Level 4.8 Fighting
 + Level 3.7 Axes
 + Level 4.2 Armour
 + Level 4.3 Shields


You had 6 spell levels left.
You didn't know any spells.
Your spell library was empty.

Dungeon Overview and Level Annotations

Branches:
Dungeon (4/15)
 Temple: D:4-7

Altars:
Kikubaaqudgha
Makhleb
Uskayaw
Wu Jian


Innate Abilities, Weirdness & Mutations

You have a pair of small horns on your head.
You regenerate a lot of health from kills.


Message History

You block the ogre's attack.
You slash the ogre!
The ogre is moderately wounded.
The ogre hits you with a giant club!
You hit the ogre.
The ogre is moderately wounded.
The ogre hits you with a giant club!!
You hit the ogre. You headbutt the ogre.
The ogre is heavily wounded.
The ogre hits you with a giant club.
You hit the ogre.
The ogre is severely wounded.
You block the ogre's attack.
You hit the ogre. You headbutt the ogre.
The ogre is almost dead.
You block the ogre's attack.
You barely miss the ogre.
The ogre is almost dead.
The ogre hits you with a giant club!!
You die...

#.# #.# #.# #.# #.# #.#
#O# #@###### #.##...#
#.##...# #####.##...#
#####..........#
#...#..........#
#...#..........###
#...#........#...#
#.....###.####...########


You could see an ogre.

Vanquished Creatures
  Grinder (D:3)
  Terence (D:3)
  An iguana (D:4)
  2 orc wizards (D:3)
  Natasha (D:2)
  A worker ant (D:4)
  4 gnolls
  7 adders
  An ooze (D:1)
  4 worms
  A dart slug (D:2)
  11 orcs (D:3)
  A giant cockroach (D:1)
  4 goblins
  5 hobgoblins
  2 jackals (D:3)
  5 kobolds
  A quokka (D:4)
  6 bats
  3 frilled lizards
  6 rats
68 creatures vanquished.

Notes
Turn   | Place    | Note
-------+----------+-------------------------------------------
     0 | D:1      | PikkenKukken the Demonspawn Fighter began the quest for the Orb.
     0 | D:1      | Reached XP level 1. HP: 18/18 MP: 1/1
   697 | D:1      | Gained mutation: You have a pair of small horns on your head. [demonic ancestry]
   697 | D:1      | Reached XP level 2. HP: 24/24 MP: 2/2
  1223 | D:1      | Reached XP level 3. HP: 29/29 MP: 3/3
  1405 | D:2      | Found a burning altar of Makhleb.
  1412 | D:2      | Became a worshipper of Makhleb the Destroyer
  1646 | D:2      | Noticed Natasha
  1659 | D:2      | Killed Natasha
  1659 | D:2      | Gained mutation: You regenerate a little health from kills. [demonic ancestry]
  1659 | D:2      | Reached XP level 4. HP: 30/36 MP: 4/4
  2185 | D:3      | Reached XP level 5. HP: 42/42 MP: 5/5
  2331 | D:3      | Noticed Grinder
  2339 | D:3      | Killed Grinder
  2339 | D:3      | Gained mutation: You regenerate health from kills. [demonic ancestry]
  2339 | D:3      | Reached XP level 6. HP: 34/49 MP: 6/6
  2442 | D:3      | Reached * piety under Makhleb
  2473 | D:3      | Noticed Terence
  2480 | D:3      | Killed Terence
  2497 | D:3      | Found an ancient bone altar of Kikubaaqudgha.
  2567 | D:3      | Found a hide-covered altar of Uskayaw.
  2919 | D:4      | Got an ancient jade amulet
  3028 | D:4      | Found an ornate altar of the Wu Jian Council.
  3217 | D:4      | Gained mutation: You regenerate a lot of health from kills. [demonic ancestry]
  3217 | D:4      | Reached XP level 7. HP: 37/55 MP: 7/7
  3239 | D:4      | Slain by an ogre

Vault maps used:
D:1:      nicolae_arrival_washed_ashore
D:2:      lemuel_round_altar, minmay_misc_feat_cross, uniq_natasha
D:3:      lemuel_doored_altar, kiku_gazebo_garden_becter, uniq_terence,
          uniq_grinder
D:4:      nicolae_ru_awakened_eye, nicolae_overflow_crystal_walls, first_ration

Skill      XL: |  1  2  3  4  5 |
---------------+----------------+-----
Axes           | 2 3 |  3.7
Shields        | 3 4 |  4.3
Armour         | 3 4 |  4.2
Fighting       | 4 |  4.8

Action                   |  1- 3 |  4- 6 |  7- 9 || total
-------------------------+-------+-------+-------++-------
Melee: War axe           |    96 |   121 |     8 ||   225
       Headbutt          |    10 |    25 |     3 ||    38
  Use: Scroll            |     2 |     4 |       ||     6
       Potion            |     1 |     1 |       ||     2
  Eat: Chunk             |     2 |     6 |       ||     8
Armor: Scale mail        |    56 |    48 |       ||   104
Dodge: Dodged            |    30 |    35 |     1 ||    66
Block: Shield            |    45 |    56 |     5 ||   106

Table legend:
 A = Spawn XP
 B = Non-spawn XP
 C = Spawn XP percentage of total XP
 D = Spawn monster count
 E = Non-spawn monster count
 F = Spawn count percentage of total count
 G = Total turns spent on level
                    A         B        C        D         E        F      G
               +---------+---------+-------+---------+---------+-------+---------
         Total |       0 |     758 |   0.0 |       0 |      68 |   0.0 |  3239
               +---------+---------+-------+---------+---------+-------+---------
           D:1 |       0 |      41 |   0.0 |       0 |      23 |   0.0 |  1292
           D:2 |       0 |     120 |   0.0 |       0 |      14 |   0.0 |   789
           D:3 |       0 |     477 |   0.0 |       0 |      24 |   0.0 |   896
           D:4 |       0 |     120 |   0.0 |       0 |       7 |   0.0 |   262
               +---------+---------+-------+---------+---------+-------+---------
